 Dungeon Crawl Stone Soup version 0.29.1-12-g30fa7ad0bf (webtiles) character file.

Game seed: 7494124379030965498

907 venomsnake the Digger (level 8, 0/41 HPs)
             Began as a Gargoyle Earth Elementalist on Jan 6, 2023.
             Was an Initiate of Vehumet.
             Slain by a killer bee (8 damage)
             ... on level 7 of the Dungeon.
             The game lasted 00:23:20 (6965 turns).

venomsnake the Digger (Gargoyle Earth Elementalist) Turns: 6965, Time: 00:23:21

Health: 0/41       AC:  7    Str: 13    XL:     8   Next: 8%
Magic:  8/14       EV: 11    Int: 17    God:    Vehumet [......]
Gold:   391        SH:  0    Dex: 10    Spells: 14/15 levels left

rFire   + . .      SeeInvis .   n - staff of conjuration
rCold   + . .      Faith    .   (no shield)
rNeg    + . .      Spirit   .   a - +0 robe
rPois   ∞          Reflect  .   (no helmet)
rElec   +          Harm     .   (no cloak)
rCorr   .          Rampage  .   (no gloves)
Will    .....                   (no boots)
Stlth   ++........              (no amulet)
HPRegen 0.13/turn               q - ring of protection from fire
MPRegen 0.14/turn               u - ring of protection from cold

@: no status effects
A: sickness immunity, AC +5, negative energy resistance 1, electricity
resistance, torment resistance 1, petrification resistance
a: Renounce Religion


You were on level 7 of the Dungeon.
You worshipped Vehumet.
Vehumet was noncommittal.
You visited 2 branches of the dungeon, and saw 8 of its levels.

You collected 391 gold pieces.

Inventory:

Hand Weapons
 m - a +1 short sword of speed
Missiles
 w - a throwing net
Armour
 a - a +0 robe (worn)
Magical Staves
 n - a staff of conjuration (weapon)
Jewellery
 q - a ring of protection from fire (left hand)
 u - a ring of protection from cold (right hand)
Wands
 y - a wand of flame (13)
Scrolls
 d - a scroll of blinking {unknown}
 f - 5 scrolls of identify
 h - a scroll of vulnerability {unknown}
 i - 5 scrolls of magic mapping
 j - a scroll of fog {unknown}
 k - 6 scrolls of teleportation
 r - a scroll of immolation {unknown}
 t - 2 scrolls of poison {unknown}
 v - a scroll of summoning {unknown}
 x - a scroll of fear {unknown}
Potions
 b - a potion of magic
 c - 2 potions of might {unknown}
 e - a potion of cancellation {unknown}
 g - 2 potions of brilliance {unknown}
 l - 2 potions of flight {unknown}
 o - 4 potions of mutation
 p - a potion of ambrosia {unknown}
 s - 2 potions of curing {unknown}
 z - a potion of haste


   Skills:
 - Level 1.5 Dodging
 - Level 2.1 Stealth
 - Level 4.0 Spellcasting
 + Level 4.9 Conjurations
 + Level 3.8 Transmutations
 + Level 6.6 Earth Magic


You had 14 spell levels left.
You knew the following spells:

 Your Spells              Type           Power      Damage    Failure   Level
a - Sandblast             Erth           50%        2d12      1%          1

Your spell library contained the following spells:

 Spells                   Type           Power      Damage    Failure   Level
 Passwall                 Tmut/Erth      17%        N/A       2%          2
 Stone Arrow              Conj/Erth      68%        3d11      4%          3
 Freeze                   Ice            12%        1d4       16%         1
 Petrify                  Tmut/Erth      21%        N/A       19%         4
 Frozen Ramparts          Ice            6%         1d1       43%         3
 Hailstorm                Conj/Ice       17%        3d6       50%         4


Dungeon Overview and Level Annotations

Branches:
Dungeon (7/15)             Temple (1/1) D:4

Altars:
Ashenzari
Cheibriados
Dithmenos
Elyvilon
Fedhas
Gozag
Hepliaklqana
Kikubaaqudgha
Makhleb
Nemelex Xobeh
Okawaru
Qazlal
Ru
Uskayaw
Vehumet
Wu Jian
Xom
Yredelemnul
Zin
The Shining One


Innate Abilities, Weirdness & Mutations

You are immune to sickness and miasma.
Your stone body is resilient. (AC +5)
You are immune to poison.
You resist negative energy. (rN+)
You are resistant to electric shocks. (rElec)
You are resistant to unholy torment.
You are immune to petrification.


Message History

Aim: a killer bee (65% to hit)
The blast of sand hits the killer bee.
The killer bee is moderately wounded.
The killer bee barely misses you. The killer bee stings you. x2
The killer bee closely misses you.
A killer bee comes into view.
The killer bee barely misses you.
The killer bee stings you but does no damage.
Casting: Sandblast (safe; 1% risk of failure)
Confirm with . or Enter, or press ? or * to list all spells.
Aiming: Sandblast (safe; 1% risk of failure)
Press: ? - help, Shift-Dir - straight line, f/p - killer bee
Aim: a killer bee (moderately wounded, 65% to hit)
The blast of sand hits the killer bee.
The killer bee is heavily wounded.
The killer bee buzzes angrily.
The killer bee barely misses you. The killer bee stings you. x2
The killer bee stings you but does no damage.
The killer bee barely misses you.
Casting: Sandblast (safe; 1% risk of failure)
Confirm with . or Enter, or press ? or * to list all spells.
Aiming: Sandblast (safe; 1% risk of failure)
Press: ? - help, Shift-Dir - straight line, f/p - killer bee
Aim: a killer bee (heavily wounded, 65% to hit)
The blast of sand hits the killer bee!
You kill the killer bee!
Vehumet accepts your kill. The killer bee barely misses you.
The killer bee stings you. x2
* * * LOW HITPOINT WARNING * * *
The killer bee completely misses you. The killer bee closely misses you.
The killer bee stings you but does no damage.
Casting: Sandblast (safe; 1% risk of failure)
Confirm with . or Enter, or press ? or * to list all spells.
Aiming: Sandblast (safe; 1% risk of failure)
Press: ? - help, Shift-Dir - straight line, f - killer bee
Aim: a killer bee (65% to hit)
The blast of sand hits the killer bee!
The killer bee is almost dead.
The killer bee stings you!
You die...

##### ## .... .#
###..# .## ..>..
.. #..# .#
#..###.# #.†....#
#y@##### #yy# #..#
#####..# .#
+......#######.#
#####.###......#
+..............#
#####.#........#
........#........#


You could see 3 killer bees.

Vanquished Creatures
  An ice beast (D:5)
  A kobold brigand (D:7)
  A bullfrog (D:7)
  2 killer bees (D:7)
  6 hounds
  An iguana (D:6)
  2 orc wizards
  Natasha (thrice) (D:3)
  Robin (D:3)
  5 gnolls
  3 adders
  2 ufetubi
  6 worms
  2 dart slugs
  16 orcs
  9 ball pythons
  2 bats
  10 endoplasms
  3 giant cockroaches
  13 goblins
  10 hobgoblins
  6 jackals
  5 quokkas
  3 frilled lizards
  14 kobolds
  A rat (D:1)
128 creatures vanquished.

Vanquished Creatures (others)
  2 plants (D:5)
2 creatures vanquished.

Grand Total: 130 creatures vanquished

Notes
Turn   | Place    | Note
-------+----------+-------------------------------------------
     0 | D:1      | venomsnake the Gargoyle Earth Elementalist began the quest
                  | for the Orb.
     0 | D:1      | Reached XP level 1. HP: 10/10 MP: 3/3
   175 | D:1      | Reached skill level 1 in Transmutations
   175 | D:1      | Reached XP level 2. HP: 10/15 MP: 1/5
   433 | D:1      | Reached skill level 1 in Conjurations
   757 | D:1      | Reached skill level 4 in Earth Magic
   821 | D:1      | Reached XP level 3. HP: 19/19 MP: 4/6
  1667 | D:2      | Reached XP level 4. HP: 24/24 MP: 4/7
  1918 | D:2      | Found a shimmering altar of Xom.
  2376 | D:3      | Noticed Natasha
  2387 | D:3      | Killed Natasha
  2388 | D:3      | Reached XP level 5. HP: 28/28 MP: 5/9
  2390 | D:3      | Noticed Robin
  2841 | D:3      | Killed Robin
  3179 | D:3      | Noticed Natasha
  3184 | D:3      | Killed Natasha
  3308 | D:3      | Noticed Natasha
  3313 | D:3      | Killed Natasha
  3408 | D:4      | Reached XP level 6. HP: 32/32 MP: 7/10
  3410 | D:4      | Reached skill level 5 in Earth Magic
  4160 | D:4      | Found a staircase to the Ecumenical Temple.
  4305 | Temple   | Entered the Ecumenical Temple
  4485 | Temple   | Became a worshipper of Vehumet
  4553 | D:5      | Entered Level 5 of the Dungeon
  4649 | D:5      | Found a hazy altar of Hepliaklqana.
  4661 | D:5      | Noticed an ice beast
  5089 | D:5      | Killed an ice beast
  5090 | D:5      | Reached XP level 7. HP: 32/36 MP: 6/12
  5445 | D:5      | Found a sacrificial altar of Ru.
  5445 | D:5      | Found a faded altar of an unknown god.
  5452 | D:5      | Found a shadowy altar of Dithmenos.
  5454 | D:5      | Found a burning altar of Makhleb.
  5456 | D:5      | Found a faded altar of an unknown god.
  6376 | D:6      | Found a sparkling altar of Nemelex Xobeh.
  6708 | D:7      | Reached skill level 6 in Earth Magic
  6962 | D:7      | Reached XP level 8. HP: 27/41 MP: 11/14
  6965 | D:7      | Slain by a killer bee

Illustrated notes

Levels and vault maps discovered:
D:1:      mushboom_english_gardens, layout_basic, minmay_pentomino_v2
D:2:      layout_rooms, basic_altar
D:3:      layout_rooms, minmay_misc_feat_columns, uniq_natasha, uniq_robin
D:4:      layout_loops_ring, minmay_temple_entry_fiery
D:5:      layout_loops_ring, mainiacjoe_overflow_tiny_flanked,
          chequers_temple_overflow_minitemple, serial_bayou_pond_c
D:6:      layout_loops_ring, nicolae_overflow_hidden_temple,
          cheibrodos_sewer_entry_bend
D:7:      minmay_thinvault, layout_basic, nicolae_shop_vocational
Temple:   nicolae_temple_bog_church

Skill      XL: |  1  2  3  4  5  6  7 |
---------------+----------------------+-----
Transmutations | 1 2 3 |  3.8
Conjurations   | 1 2 3 4 |  4.9
Earth Magic    | 4 5 6 |  6.6
Spellcasting   | 3 4 |  4.0
Dodging        | |  1.5
Stealth        | |  2.1

Action                   |  1- 3 |  4- 6 |  7- 9 || total
-------------------------+-------+-------+-------++-------
Melee: Staff             |       |     3 |       ||     3
 Cast: Sandblast         |    58 |   126 |    52 ||   236
  Use: Scroll            |       |       |     3 ||     3
Armor: Robe              |     5 |    32 |    16 ||    53
Dodge: Dodged            |     6 |    33 |    13 ||    52
